 Dungeon Crawl Stone Soup version 0.30.0-13-g156ef70053 (webtiles) character file.

Game seed: 1133184747502357112

23 Esekla the Grave Robber (level 2, -1/18 HPs)
             Began as an Octopode Necromancer on May 17, 2023.
             Slain by a jackal (3 damage)
             ... on level 2 of the Dungeon.
             The game lasted 00:02:38 (749 turns).

Esekla the Grave Robber (Octopode Necromancer)       Turns: 749, Time: 00:02:39

Health: -1/18      AC:  1    Str:  7    XL:     2   Next: 95%
Magic:  5/5        EV: 13    Int: 17    God:
Gold:   83         SH:  0    Dex: 12    Spells: 4/5 levels left

rFire   . . .        b - +0 dagger
rCold   . . .        (no shield)
rNeg    . . .        (helmet restricted)
rPois   .            (no amulet)
rElec   .            (no ring)
rCorr   .            (no ring)
SInv    .            (no ring)
Will    .....        (no ring)
Stlth   +++          (no ring)
HPRegen 0.23/turn    (no ring)
MPRegen 0.09/turn    (no ring)
                     (no ring)

%: no passive effects
@: no status effects
A: almost no armour, amphibious, 8 rings, camouflage 1, gelatinous body 1,
(nimble swimmer 1), tentacles
a: no special abilities


You were on level 2 of the Dungeon.
You visited 1 branch of the dungeon, and saw 2 of its levels.

You collected 83 gold pieces.

Inventory:

Hand Weapons
 b - a +0 dagger (weapon)
Missiles
 d - 3 javelins (quivered)
 f - 4 poisoned darts
Scrolls
 c - a scroll of fog {unknown}
 g - a scroll of blinking {unknown}
Potions
 a - a potion of magic
 e - 2 potions of attraction {unknown}


   Skills:
 * Level 0.3 Fighting
 * Level 2.0 Dodging
 + Level 2.7 Stealth
 * Level 2.1 Spellcasting
 + Level 4.7 Necromancy


You had 4 spell levels left.
You knew the following spells:

 Your Spells              Type           Power      Damage    Failure   Level
a - Necrotise             Necr           68%        1d7       2%          1

Your spell library contained the following spells:

 Spells                   Type           Power      Damage    Failure   Level
 Vampiric Draining        Necr           17%        2d7       9%          3
 Sandblast                Erth           2%         2d4       19%         1
 Passwall                 Tmut/Erth      0%         N/A       28%         2
 Animate Dead             Necr           17%        N/A       28%         4
 Stone Arrow              Conj/Erth      2%         3d7       50%         3
 Agony                    Necr           17%        N/A       61%         5
 Borgnjor's Vile Clutch   Necr/Erth      4%         N/A       90%         5
 Alistair's Intoxication  Tmut/Pois      0%         N/A       99%         5
 Eringya's Noxious Bog    Tmut/Pois      0%         N/A       100%        6


Dungeon Overview and Level Annotations

Branches:
Dungeon (2/15)

Altars:


Innate Abilities, Weirdness & Mutations

You cannot wear most types of armour.
You are amphibious.
You can wear up to eight rings at the same time.
Your skin changes colour to match your surroundings (Stealth+).
Your rubbery body absorbs attacks. (AC +1, EV +1)
((You are camouflaged when in or above water. (Stealth+)))
You have tentacles for arms and can constrict up to eight enemies at once.


Message History

You constrict the kobold, but do no damage.
The dart slug bites you.
The kobold hits you with a +0 short sword.
* * * LOW HITPOINT WARNING * * *
You hit the dart slug.
The dart slug is almost dead.
You constrict the dart slug.
You kill the dart slug!
You constrict the kobold.
You kill the kobold!
A jackal comes into view.
The jackal barks!
You hit the jackal. You grab the jackal.
The jackal is heavily wounded.
You constrict the jackal, but do no damage.
The jackal bites you.
* * * LOW HITPOINT WARNING * * *
The jackal bites you.
* * * LOW HITPOINT WARNING * * *
You hit the jackal.
The jackal is severely wounded.
You constrict the jackal.
You kill the jackal!
Throw: 5 javelins
Press: ? - help, Q - select action, (/) - cycle Shift-Dir - straight line, f - jackal
Aim: a jackal (47% to hit)
You throw a javelin. The javelin closely misses the jackal.
The javelin barely misses the jackal.
Throw: 4 javelins
Press: ? - help, Q - select action, (/) - cycle Shift-Dir - straight line, f/p - jackal
Aim: a jackal (47% to hit)
You throw a javelin. The javelin closely misses the jackal.
The javelin pierces through the jackal.
The jackal is lightly wounded.
The jackal barely misses you.
You hit the jackal. Your grab misses the jackal.
Your squeeze misses the jackal.
The jackal is moderately wounded.
The jackal bites you.
You die...

.### ...## . #.#..#
... ##....# ....#
##.....#
......########<.....#
......)..†@hh....(..#
....##########...(..#
. #.....[# #......#
#.......# #..[....#
......!..#
....K.....#
..#....(....


You could see 2 jackals.

Vanquished Creatures
  2 dart slugs
  3 ball pythons (D:1)
  A bat (D:1)
  2 endoplasms (D:1)
  2 jackals
  2 kobolds
  3 frilled lizards (D:1)
  A goblin (D:1)
16 creatures vanquished.

Vanquished Creatures (others)
  A goblin (D:2)
1 creature vanquished.

Grand Total: 17 creatures vanquished

Notes
Turn   | Place    | Note
-------+----------+-------------------------------------------
     0 | D:1      | Esekla the Octopode Necromancer began the quest for the
                  | Orb.
     0 | D:1      | Reached XP level 1. HP: 11/11 MP: 3/3
    85 | D:1      | Reached XP level 2. HP: 8/17 MP: 5/5
   749 | D:2      | Slain by a jackal

Illustrated notes

Levels and vault maps discovered:
D:1:      noname_arrival_rooms_in_the_neighbourhood, layout_basic,
          minmay_tripent
D:2:      layout_rooms, hellmonk_ecumenical_altar_zigzags

Action                     || total
---------------------------++-------
  Melee: Dagger            ||    39
         Constrict         ||    12
         Tentacles         ||     7
  Throw: Javelin           ||     2
   Stab: Sleeping          ||     2
  Dodge: Dodged            ||    21
